 Dungeon Crawl Stone Soup version 0.30-a0-371-gad7725a93e (webtiles) character file.

Game seed: 9877389653294276122

50 FalseProphet the Covered (level 3, 0/33 HPs)
             Began as an Armataur Fighter on Nov 22, 2022.
             Slain by a gnoll
             ... wielding a +0 halberd
              (5 damage)
             ... on level 2 of the Dungeon.
             The game lasted 00:01:13 (1057 turns).

FalseProphet the Covered (Armataur Fighter)         Turns: 1057, Time: 00:01:14

Health: 0/33       AC:  8    Str: 23    XL:     3   Next: 55%
Magic:  3/3        EV:  7    Int:  8    God:
Gold:   105        SH:  4    Dex:  9    Spells: 2/2 levels left

rFire   . . .      SeeInvis .    a - +0 flail
rCold   . . .      Faith    .    c - +0 buckler
rNeg    . . .      Spirit   .    b - +1 scale mail
rPois   .          Reflect  .    (no helmet)
rElec   .          Harm     .    (no cloak)
rCorr   .          Roll     +    (no gloves)
Will    .....                    (no barding)
Stlth   ..........               i - amulet of regeneration
HPRegen 1.05/turn                (no ring)
MPRegen 0.08/turn                (no ring)

@: mighty
A: large, rugged brown scales 3, deformed body, armoured tail, roll, long
tongue, awkward tongue
a: no special abilities


You were on level 2 of the Dungeon.
You visited 1 branch of the dungeon, and saw 2 of its levels.

You collected 105 gold pieces.

Inventory:

Hand Weapons
 a - a +0 flail (weapon)
Armour
 b - a +1 scale mail (worn)
 c - a +0 buckler (worn)
Jewellery
 i - an amulet of regeneration (around neck)
Wands
 h - a wand of iceblast (10)
Potions
 e - 2 potions of berserk rage {unknown}
 f - a potion of degeneration {unknown}
 g - a potion of heal wounds {unknown}


   Skills:
 + Level 3.2 Fighting
 + Level 2.5 Maces & Flails
 + Level 4.3 Armour
 + Level 3.3 Shields


You had 2 spell levels left.
You didn't know any spells.
Your spell library contained the following spells:

 Spells                   Type           Power      Damage    Failure   Level
 Magic Dart               Conj           0%         1d3       78%         1
 Call Imp                 Summ           0%         N/A       89%         2
 Scorch                   Fire           0%         2d5       89%         2
 Mephitic Cloud           Conj/Pois/Air  0%         N/A       98%         3
 Flame Wave               Conj/Fire      0%         2d4       100%        4
 Summon Cactus Giant      Summ           0%         N/A       100%        6


Dungeon Overview and Level Annotations

Branches:
Dungeon (2/15)

Altars:


Innate Abilities, Weirdness & Mutations

You are completely covered in rugged brown scales. (AC +3, +7% HP)
Armour fits poorly on your strangely shaped body.
You have a long armoured tail.
You roll when moving toward enemies. (Rampage)
Your long tongue fully drains potion bottles. (2x potion effects)
Your tongue gives you trouble enunciating. (1.5x scroll delay)


Message History

No target in view!
No target in view!
No target in view!
No target in view!
No target in view!
As you open the door, it creaks loudly!
No target in view!
There is an open door here.
As you open the door, it creaks loudly!
No target in view!
No target in view!
No target in view!
No target in view!
There is an open door here.
A gnoll comes into view. It is wielding a +0 halberd.
The gnoll shouts!
You hear a shout! x2
The gnoll hits you from afar with a +0 halberd.
You roll towards the gnoll!
You closely miss the gnoll. The gnoll hits you with a +0 halberd.
You barely miss the gnoll. The gnoll completely misses you.
You hit the gnoll.
The gnoll is lightly wounded.
The gnoll hits you with a +0 halberd. The gnoll barely misses you.
You closely miss the gnoll.
The gnoll is lightly wounded.
The gnoll hits you with a +0 halberd.
You are too injured to fight recklessly!
You are too injured to fight recklessly!
You are too injured to fight recklessly!
You slurp down every last drop of the potion of might!
You feel very mighty all of a sudden. The gnoll closely misses you.
You barely miss the gnoll.
The gnoll is lightly wounded.
The gnoll hits you with a +0 halberd!
* * * LOW HITPOINT WARNING * * *
You hit the gnoll.
The gnoll is severely wounded.
The gnoll hits you with a +0 halberd.
You die...

............## ##
.####......# #.
#......+ #.
#).....#######.
#######.....##. ##
####'###.##. .#
#...†.##.... ###g#
#.....##.... #.@.#
#..........# #.###
#......##### #.#
####'#[# # #.#
#.#.# # #.# #.#.# #
#.# #.#.# # #.#
######.#.##### #.#
#....^......)#
#.####.....##.###.#


You could see a gnoll.

Vanquished Creatures
  An adder (D:2)
  2 dart slugs
  4 endoplasms (D:1)
  7 goblins
  5 hobgoblins
  A quokka (D:1)
  2 ball pythons
  3 bats (D:1)
  7 kobolds (D:1)
  A rat (D:1)
33 creatures vanquished.

Notes
Turn   | Place    | Note
-------+----------+-------------------------------------------
     0 | D:1      | FalseProphet the Armataur Fighter began the quest for the
                  | Orb.
     0 | D:1      | Reached XP level 1. HP: 19/19 MP: 1/1
    72 | D:1      | Reached XP level 2. HP: 27/27 MP: 2/2
   212 | D:1      | Reached skill level 4 in Armour
   494 | D:1      | Reached XP level 3. HP: 32/33 MP: 3/3
  1057 | D:2      | Slain by a gnoll

Illustrated notes

Levels and vault maps discovered:
D:1:      saegor_arrival_simple_a, layout_rooms, patterned_corridor
D:2:      layout_basic, shapermc_ecumenical_altar_petra

Skill      XL: |  1  2 |
---------------+-------+-----
Fighting       | 3 |  3.2
Armour         | 4 |  4.3
Maces & Flails | 2 |  2.5
Shields        | |  3.3

Action                   || total
-------------------------++-------
Melee: Flail             ||    91
       Tailslap          ||     7
  Use: Scroll            ||     4
       Potion            ||     1
Armor: Scale mail        ||    51
Dodge: Dodged            ||    38
Block: Buckler           ||    13

Table legend: (Time is in decaauts)
 A = Elapsed time spent in this place.
 B = Non-inter-level travel time spent in this place.
 C = Inter-level travel time spent in this place.
 D = Time resting spent in this place.
 E = Time spent auto-exploring this place.
 F = Levels seen in this place.
 G = Mean time per level.
                   A        B        C        D        E       F      G
               +--------+--------+--------+--------+--------+-----+--------+
         Total |   1087 |   1072 |     15 |      0 |    860 |   2 |  543.5 |
       Dungeon |   1087 |   1072 |     15 |      0 |    860 |   2 |  543.5 |
               +--------+--------+--------+--------+--------+-----+--------+

Top non-repeatable levels by time:
     D:1: 646 daAuts
     D:2: 441 daAuts
